Map: [ESL] Dragon Scales

Players

Creator

  • Race: Protoss Protoss
  • Spawn Location: 11:00

HeroMarine - Winner!

  • Race: Terran Terran
  • Spawn Location: 5:00

VOD

Have the link to the VOD?

Description

Time

  • Played on: March 29, 2023, 6:27 a.m.
  • Length: 12:19
Show
View Real Time Build Order
Export as new Build Order

Creator Protoss 

Build Orders: 1 Gate Expand, Phoenix Opening 

Get SALT Encoding   

  12  0:00  Probe  
  13  0:12  Probe  
  14  0:18  Pylon  
  14  0:24  Probe (Chrono Boost)  
  15  0:36  Gateway  
  15  0:37  Probe (Chrono Boost)  
  16  0:45  Assimilator, Probe (Chrono Boost)  
  17  0:51  Probe  
  18  1:03  Probe  
  19  1:15  Probe  
  20  1:23  Cybernetics Core  
  20  1:33  Nexus  
  20  1:37  Pylon  
  20  1:40  Probe  
  20  1:46  Assimilator  
  21  1:52  Probe  
  22  1:56  Adept (Chrono Boost)  
  24  2:04  Probe  
  25  2:16  Probe  
  25  2:19  Adept (Chrono Boost)  
  28  2:23  Stargate  
  28  2:28  Probe  
  29  2:39  Warp Gate  
  29  2:41  Probe  
  29  2:44  Adept (Chrono Boost)  
  30  2:45  Probe  
  33  2:53  Probe  
  33  2:57  Probe  
  35  3:05  Phoenix (Chrono Boost), Probe  
  36  3:09  Probe  
  36  3:12  Pylon  
  39  3:17  Probe  
  40  3:21  Phoenix, Probe  
  43  3:31  Probe (Chrono Boost)  
  43  3:33  Probe (Chrono Boost)  
  45  3:36  Robotics Facility  
  45  3:45  Probe (Chrono Boost)  
  45  3:46  Probe (Chrono Boost)  
  46  3:49  Probe (Chrono Boost)  
  46  3:51  Phoenix  
  46  3:53  Probe  
  50  3:57  Pylon  
  50  3:59  Pylon  
  50  4:01  Gateway  
  50  4:02  Probe  
  51  4:05  Probe  
  51  4:06  Gateway  
  52  4:14  Assimilator, Probe  
  53  4:17  Phoenix, Probe  
  56  4:25  Observer  
  57  4:32  Nexus  
  57  4:34  Probe x2  
  57  4:37  Pylon  
  59  4:42  Assimilator  
  59  4:49  Probe x2  
  61  4:53  Robotics Bay, Forge  
  61  4:59  Immortal (Chrono Boost)  
  61  5:03  Probe (Chrono Boost)  
  67  5:12  Stalker  
  67  5:13  Zealot, Shield Battery  
  70  5:17  Zealot  
  72  5:24  Phoenix  
  62  5:37  Stalker  
  62  5:38  Stalker  
  62  5:41  Observer  
  54  5:49  Zealot, Phoenix  
  56  5:53  Probe x2  
  51  6:03  Stalker  
  49  6:12  Stalker  
  49  6:17  Probe x3  
  46  6:34  Stalker x2  
  46  6:35  Probe x3 (Chrono Boost)  
  53  6:45  Protoss Ground Weapons Level 1, Probe x3 (Chrono Boost)  
  53  6:46  Sentry  
  58  6:50  Probe x2 (Chrono Boost)  
  60  6:58  Stalker x2  
  60  7:00  Probe (Chrono Boost)  
  65  7:14  Probe x3 (Chrono Boost)  
  68  7:16  Colossus  
  74  7:23  Sentry, Zealot  
  74  7:26  Probe x2 (Chrono Boost)  
  74  7:29  Probe (Chrono Boost)  
  81  7:32  Probe x2 (Chrono Boost)  
  81  7:35  Twilight Council  
  81  7:36  Probe (Chrono Boost)  
  84  7:42  Phoenix  
  86  7:46  Probe x3 (Chrono Boost)  
  86  7:48  Pylon  
  86  7:51  Probe (Chrono Boost)  
  87  7:52  Gateway  
  87  7:53  Extended Thermal Lance, Probe (Chrono Boost)  
  87  7:54  Probe (Chrono Boost)  
  87  7:55  Shield Battery  
  90  8:02  Probe (Chrono Boost)  
  90  8:05  Pylon, Probe (Chrono Boost)  
  93  8:10  Probe (Chrono Boost)  
  93  8:11  Probe (Chrono Boost)  
  93  8:12  Assimilator, Probe (Chrono Boost)  
  95  8:13  Blink (Chrono Boost)  
  95  8:14  Assimilator  
  95  8:17  Probe  
  96  8:20  Colossus (Chrono Boost)  
  96  8:22  Pylon  
  102  8:34  Gateway  
  102  8:36  Gateway  
  102  8:37  Sentry  
  102  8:38  Stalker x2  
  108  8:45  Protoss Ground Weapons Level 2 (Chrono Boost)  
  108  8:53  Phoenix  
  108  8:57  Stalker  
  110  9:03  Colossus (Chrono Boost)  
  110  9:06  Nexus  
  110  9:08  Pylon  
  116  9:12  Pylon  
  116  9:13  Pylon  
  116  9:28  Gateway, Stalker x2  
  116  9:29  Gateway  
  116  9:30  Phoenix, Photon Cannon  
  120  9:33  Probe x3  
  120  9:36  Sentry, Stalker  
  126  9:39  Stalker  
  126  9:44  Zealot  
  130  9:49  Disruptor (Chrono Boost)  
  133  9:54  Probe x3  
  136  10:00  Phoenix, Gateway  
  136  10:01  Sentry, Stalker  
  136  10:02  Gateway  
  140  10:16  Disruptor (Chrono Boost)  
  140  10:17  Charge  
  140  10:18  Templar Archives  
  140  10:20  Zealot x4  
  151  10:31  Pylon, Assimilator  
  151  10:35  Stalker x4  
  152  10:47  Stalker x2  
  152  10:48  Disruptor (Chrono Boost)  
  159  10:56  High Templar x2  
  151  11:06  Archon  
  135  11:11  Pylon x2, Stalker x2  
  135  11:12  Pylon  
  135  11:14  Disruptor (Chrono Boost), Stalker  
  130  11:26  Pylon  
  127  11:38  Zealot x5  
  117  11:56  Pylon  
Show
View Real Time Build Order
Export as new Build Order

HeroMarine Terran - Winner!

Build Orders:  

Get SALT Encoding   

  12  0:00  SCV  
  13  0:12  SCV  
  14  0:17  Supply Depot  
  14  0:24  SCV  
  15  0:38  SCV  
  15  0:40  Barracks  
  16  0:42  Refinery  
  16  0:50  SCV  
  16  0:52  Refinery  
  17  1:02  SCV  
  18  1:14  SCV  
  19  1:27  Barracks Reactor  
  19  1:28  Orbital Command, Supply Depot  
  19  1:40  Factory  
  19  1:53  SCV  
  20  2:03  Reaper x2  
  20  2:05  SCV  
  23  2:17  SCV  
  23  2:22  Command Center  
  24  2:28  Hellion  
  24  2:29  SCV  
  27  2:38  Starport  
  27  2:41  SCV  
  28  2:46  Supply Depot  
  28  2:51  Widow Mine  
  30  2:53  SCV  
  31  3:08  Marine x2, SCV  
  31  3:12  Widow Mine  
  36  3:15  Medivac  
  38  3:20  SCV  
  39  3:34  SCV, Marine x2, Factory Tech Lab  
  42  3:35  Orbital Command  
  42  3:45  Viking  
  45  3:51  Marine x2  
  45  3:54  Cyclone  
  50  3:56  Supply Depot  
  50  3:58  SCV  
  50  4:01  SCV  
  51  4:09  Marine x2  
  53  4:12  Supply Depot  
  53  4:16  SCV  
  54  4:17  Viking  
  54  4:18  SCV  
  54  4:22  Supply Depot  
  57  4:26  Cyclone  
  62  4:33  Marine x2  
  62  4:36  Supply Depot  
  62  4:37  SCV x2  
  64  4:47  Viking  
  64  4:49  SCV x2  
  64  4:51  Marine x2  
  70  4:58  Cyclone  
  70  4:59  Supply Depot  
  73  5:01  SCV x2  
  75  5:09  Marine x2  
  75  5:13  SCV  
  75  5:14  SCV  
  79  5:17  Command Center  
  79  5:27  Viking  
  81  5:28  SCV  
  81  5:29  SCV  
  81  5:36  Marine x2  
  81  5:40  SCV  
  81  5:41  Cyclone, SCV  
  82  5:48  Barracks  
  82  5:49  Barracks  
  79  5:53  SCV x2  
  79  5:54  Marine x2  
  79  6:00  Viking  
  81  6:05  SCV x2  
  79  6:11  Marine x2  
  79  6:17  Engineering Bay, SCV x2  
  79  6:18  Siege Tank, Refinery x2  
  74  6:29  Marine x2, SCV x2  
  74  6:36  Orbital Command  
  74  6:38  Barracks Tech Lab x2  
  74  6:43  Terran Infantry Weapons Level 1  
  74  6:46  Barracks x2  
  74  6:47  Marine x2, SCV  
  75  6:50  Siege Tank  
  80  6:57  Orbital Command, SCV  
  80  6:59  SCV  
  82  7:05  Marine x2  
  84  7:09  SCV  
  84  7:11  SCV  
  84  7:12  Marine x2  
  84  7:13  Combat Shield, Stimpack  
  84  7:14  Starport Reactor  
  80  7:21  SCV  
  76  7:23  Marine x2, SCV x2  
  80  7:33  Siege Tank, Marauder x2, SCV  
  80  7:35  SCV x2  
  90  7:37  Refinery  
  90  7:38  Refinery  
  90  7:40  Marine, Barracks Reactor, Barracks Tech Lab  
  90  7:41  Marine  
  92  7:45  SCV  
  92  7:47  Supply Depot, SCV x2  
  92  7:49  Supply Depot  
  67  7:51  Medivac  
  95  7:53  Medivac  
  95  7:54  Marauder x2  
  95  7:58  Marine x2, SCV  
  104  7:59  SCV x2  
  104  8:03  Missile Turret  
  108  8:08  Marauder  
  108  8:09  Command Center  
  113  8:15  Bunker, Supply Depot  
  113  8:18  Marauder x2  
  113  8:19  SCV x2  
  116  8:20  SCV  
  116  8:21  Medivac  
  116  8:22  Marine x2  
  116  8:23  Medivac  
  116  8:24  Marine  
  116  8:26  Marine  
  125  8:34  Concussive Shells  
  125  8:37  Marauder, Terran Infantry Armor Level 1, SCV x2  
  125  8:38  Supply Depot  
  125  8:39  Marauder x2, Supply Depot  
  133  8:42  Marine x3  
  133  8:43  Marine  
  133  8:46  Supply Depot  
  137  8:51  Supply Depot  
  137  8:53  Armory  
  137  8:54  Engineering Bay  
  137  8:58  Marauder  
  137  9:00  Marauder  
  141  9:05  Viking x2  
  141  9:06  Factory Reactor  
  141  9:09  Starport  
  145  9:10  Marine x4  
  145  9:11  Marine  
  145  9:17  Ghost Academy  
  152  9:27  Sensor Tower  
  152  9:29  Marauder, Barracks  
  152  9:31  Marauder  
  154  9:33  SCV  
  154  9:37  Marine x4, Barracks  
  159  9:39  Viking, Barracks  
  159  9:42  Viking  
  163  9:47  SCV x3  
  163  9:52  Terran Infantry Weapons Level 2  
  166  9:55  Terran Ship Weapons Level 1  
  166  9:59  Planetary Fortress  
  167  10:04  Marauder x2  
  167  10:05  Marauder  
  171  10:09  Viking  
  173  10:15  Supply Depot x2  
  173  10:17  Medivac  
  173  10:18  Medivac  
  173  10:19  Viking  
  181  10:21  Marauder  
  181  10:23  Marine x3  
  181  10:25  Marine  
  181  10:26  Marauder  
  181  10:27  Barracks Reactor, Barracks Tech Lab  
  184  10:39  Viking  
  186  10:47  Viking x2  
  186  10:49  Marauder  
  194  10:50  Marauder  
  194  10:52  Medivac  
  196  10:59  Marauder  
  196  11:02  Marauder  
  190  11:09  Medivac, Marauder  
  190  11:11  Marauder, Marine x2  
  185  11:15  Marauder  
  185  11:17  Medivac x2  
  184  11:20  Command Center  
  184  11:21  Command Center  
  184  11:23  Marine x3, Marauder x2  
  184  11:25  Marine  
  190  11:29  Marine  
  190  11:31  Marauder  
  190  11:32  Marauder  
  195  11:41  Marauder  
  195  11:44  Marauder  
  195  11:46  Marine x2, Marauder  
  191  11:50  Marine x2  
  191  11:51  Marine x2  
  191  11:52  Marauder  
  191  11:54  Marauder  
Tags
 
Add a new tag
Caveats
  • Supply blocks, unpowered buildings, or Contaminate may cause inaccurate times.
  • Supply counts are checked every 10 seconds.